Map: Acropolis LE

Players

Ziggy

  • Race: Terran Terran
  • Spawn Location: 11:00

Clem - Winner!

  • Race: Terran Terran
  • Spawn Location: 5:00

Event: 2019 WCS Summer

VOD

Have the link to the VOD?

Description

Time

  • Played on: July 12, 2019, 9:04 a.m.
  • Length: 2:51

All games in this series

Show
View Real Time Build Order
Export as new Build Order

Ziggy Terran 

Build Orders: Gas First Reaper Expand 

Get SALT Encoding   

  12  0:00  SCV  
  13  0:12  SCV  
  14  0:17  Supply Depot  
  14  0:24  SCV  
  14  0:27  Refinery  
  15  0:38  SCV  
  16  0:44  Barracks  
  16  0:50  SCV  
  17  1:02  SCV  
  18  1:14  SCV  
  19  1:31  Orbital Command, Reaper  
  20  1:44  Command Center  
  20  1:56  Factory  
  20  2:01  Refinery  
  20  2:05  Reaper  
  21  2:13  Supply Depot  
  21  2:17  SCV  
  22  2:29  SCV  
  23  2:49  Starport  
Show
View Real Time Build Order
Export as new Build Order

Clem Terran - Winner!

Build Orders:  

Get SALT Encoding   

  12  0:01  SCV  
  13  0:13  SCV  
  14  0:17  Supply Depot  
  14  0:25  SCV  
  15  0:29  Refinery  
  15  0:39  SCV  
  15  0:41  Refinery  
  16  0:46  Barracks  
  16  0:51  SCV  
  16  0:56  Refinery  
  17  1:04  SCV  
  18  1:16  SCV  
  19  1:33  Orbital Command, Factory  
  19  1:35  Reaper  
  20  1:47  Supply Depot  
  20  1:58  SCV  
  21  2:08  Reaper  
  22  2:10  SCV  
  23  2:18  Hellion  
  23  2:22  SCV  
  26  2:34  SCV  
  27  2:38  Command Center  
  29  2:49  Supply Depot  
Tags
 
Add a new tag
Caveats
  • Supply blocks, unpowered buildings, or Contaminate may cause inaccurate times.
  • Supply counts are checked every 10 seconds.